 Dungeon Crawl Stone Soup version 0.17-a0-931-g11a8995 (webtiles) character file.

2389 Lukitari the Ducker (level 9, -8/88 HPs)
             Began as a Troll Berserker on May 5, 2015.
             Was a High Priest of Trog.
             Mangled by an orc warrior
             ... wielding a +0 war axe
              (25 damage)
             ... on level 7 of the Dungeon.
             The game lasted 00:45:15 (4689 turns).

Lukitari the Ducker (Troll Berserker)               Turns: 4689, Time: 00:45:15

Health: -8/88      AC:  6    Str: 27    XL:     9   Next: 22%
Magic:  5/5        EV: 12    Int:  1    God:    Trog [*****.]
Gold:   333        SH:  0    Dex: 10    Spells: 0 memorised, 8 levels left

rFire  . . .     SeeInvis .     r - +4 quarterstaff (antimagic)
rCold  . . .     Clarity  .     a - +1 animal skin
rNeg   . . .     SustAb   .     (no shield)
rPois  .         Gourm    +     (helmet restricted)
rElec  .         Spirit   .     (no cloak)
rCorr  .         Warding  .     (gloves unavailable)
rMut   .         Stasis   .     (boots unavailable)
MR     +++..                    s - amulet of faith
Stlth  +.........               (no ring)
                                e - ring of magical power

@: exhausted, regenerating, slowed, very slow, extremely resistant to hostile
enchantments, very unstealthy
A: unfitting armour, claws 3, clumsy 1, dopey 1, fast metabolism 3, gourmand,
magic resistance 1, regeneration 2, shaggy fur 1, tough skin 2
a: Burn Spellbooks, Berserk, Trog's Hand, Brothers in Arms, Renounce Religion


You were on level 7 of the Dungeon.
You worshipped Trog.
Trog was extremely pleased with you.
You were not hungry.

You visited 1 branch of the dungeon, and saw 7 of its levels.
You also visited: Sewer.

You collected 333 gold pieces.

Inventory:

Hand weapons
 k - a +1 dagger of freezing
 r - a +4 antimagic quarterstaff (weapon)
Armour
 a - a +1 animal skin (worn)
Jewellery
 e - a ring of magical power (left claw)
 s - an amulet of faith (around neck)
 u - an uncursed amulet of clarity {unknown}
Magical devices
 m - a wand of paralysis (18)
 o - a wand of confusion (10)
Scrolls
 g - 3 scrolls of teleportation
 i - 5 scrolls of identify
 j - a scroll of magic mapping
 n - 2 scrolls of blinking
 t - a scroll of enchant weapon
Potions
 c - 5 potions of flight
 d - a potion of agility
 p - a potion of brilliance
 q - 4 potions of curing
Comestibles
 b - 2 bread rations
 f - a fruit
 h - a beef jerky
 l - 2 meat rations


   Skills:
 + Level 5.5 Fighting
 + Level 3.3 Staves
 + Level 7.6 Dodging
 + Level 1.0 Stealth
 + Level 5.5 Unarmed Combat


You had 8 spell levels left.
You didn't know any spells.

Dungeon Overview and Level Annotations

Branches:
Dungeon (7/15)             Temple (0/1) D:4

Altars:
Ashenzari
Dithmenos
Fedhas
Gozag
Kikubaaqudgha
Makhleb
Okawaru
Sif Muna
Xom
Yredelemnul


Innate Abilities, Weirdness & Mutations

You are too large for most types of armour.
You have claws for hands.
Your metabolism is lightning-fast.
You like to eat raw meat.
You heal very quickly.
You are covered in fur (AC +1).
You have very tough skin (AC +2).
You are clumsy. (Dex -2)
You are dopey. (Int -2)
You are resistant to hostile enchantments.


Message History

Drink which item? (? for menu, Esc to quit)
Okay, then.
Use which ability? (? or * to list)
Your skin crawls.
You feel resistant to hostile enchantments.
You feel slightly more hungry. The yak closely misses you.
The orc warrior hits you with a war axe.
* * * LOW HITPOINT WARNING * * *
The yak closely misses you.
Use which ability? (? or * to list)
Your ogre goes berserk!
You feel somewhat more hungry.
The orc warrior hits you but does no damage.
The orc warrior hits your ogre with a war axe!
The yak barely misses you. The orc warrior completely misses you.
The orc warrior hits your ogre with a war axe!
Your ogre barely misses the orc warrior.
The orc warrior hits you with a war axe!!
You die...

..............## #
..................####
.......................
........................
...................).....
.........................
.........................
#....)oO................
#....Y@................
#......................
##.....................
#.....................
...###...###...............
#........†####..............
....####..#...#............
....#####....####.....#####
#....................## #.


You could see a yak, an orc warrior and a friendly ogre (berserk).

Vanquished Creatures
  2 yaks (D:7)
  An orc warrior (D:6)
  2 phantoms
  An ogre (D:7)
  A sky beast (D:7)
  4 centaurs
  The ghost of digdugdiggy the Conjurer, an average DECj (D:3)
  Blork the orc (D:5)
  2 giant frogs (D:7)
  A big kobold (Sewer)
  A water moccasin zombie (D:6)
  A wyvern skeleton (D:6)
  A crimson imp (D:7)
  A giant frog skeleton (D:7)
  A jelly (D:7)
  2 hounds (D:6)
  2 orc priests
  5 orc wizards
  2 quasits (D:7)
  Ijyb (D:2)
  Jessica (D:2)
  2 iguanas
  3 worker ants
  A hound skeleton (D:4)
  4 river rats (Sewer)
  5 adders
  A shadow imp (D:6)
  2 oozes
  An adder skeleton (D:4)
  3 worms
  10 giant geckos
  26 orcs
  7 ball pythons
  A bat skeleton (D:4)
  5 giant cockroaches
  11 goblins
  11 hobgoblins
  10 jackals
  27 kobolds
  6 bats
  5 giant newts
  2 gnoll zombies (D:2)
  2 quokkas
  A quokka skeleton (D:5)
  32 rats
212 creatures vanquished.

Notes
Turn   | Place    | Note
--------------------------------------------------------------
     0 | D:1      | Lukitari, the Troll Berserker, began the quest for the Orb.
     0 | D:1      | Reached XP level 1. HP: 22/22 MP: 0/0
   111 | D:1      | Reached XP level 2. HP: 29/29 MP: 1/1
   458 | D:1      | Reached XP level 3. HP: 26/36 MP: 2/2
   459 | D:1      | Acquired Trog's second power
   562 | D:2      | Noticed Jessica
   567 | D:2      | Killed Jessica
   598 | D:2      | Reached XP level 4. HP: 42/45 MP: 3/3
   675 | D:2      | Noticed Ijyb
   694 | D:2      | Killed Ijyb
   801 | D:2      | Found a basalt altar of Yredelemnul.
   848 | D:2      | Gained mutation: You are resistant to hostile enchantments. [potion of beneficial mutation]
  1165 | D:3      | Noticed digdugdiggy's ghost (average DECj)
  1172 | D:3      | Killed digdugdiggy's ghost
  1172 | D:3      | Reached skill level 4 in Unarmed Combat
  1172 | D:3      | Reached XP level 5. HP: 22/53 MP: 4/4
  1303 | D:3      | Found a shattered altar of Ashenzari.
  1303 | D:3      | Found an ancient bone altar of Kikubaaqudgha.
  1308 | D:3      | Found a shimmering altar of Xom.
  1314 | D:3      | Found a burning altar of Makhleb.
  1315 | D:3      | Found an opulent altar of Gozag.
  1316 | D:3      | Found a deep blue altar of Sif Muna.
  1577 | D:4      | Noticed a phantom
  1600 | D:4      | Killed a phantom
  1600 | D:4      | Reached XP level 6. HP: 48/61 MP: 5/5
  1998 | D:4      | Found a staircase to the Ecumenical Temple.
  2094 | D:4      | Found a blossoming altar of Fedhas.
  2094 | D:4      | Found a shadowy altar of Dithmenos.
  2344 | D:5      | Entered Level 5 of the Dungeon
  2351 | D:5      | Noticed Blork the orc
  2369 | D:5      | Killed Blork the orc
  2369 | D:5      | Reached XP level 7. HP: 32/68 MP: 6/6
  2422 | D:5      | Found a burning altar of Makhleb.
  2422 | D:5      | Noticed a blizzard demon
  2425 | D:5      | Noticed a hellwing
  2425 | D:5      | Noticed an orange demon
  2511 | D:5      | Reached skill level 5 in Dodging
  2511 | D:5      | Reached skill level 5 in Unarmed Combat
  2664 | D:5      | Acquired Trog's third power
  2852 | D:5      | Found a glowing drain.
  2870 | Sewer    | Entered a sewer
  3091 | Sewer    | Received a gift from Trog
  3326 | D:6      | Reached XP level 8. HP: 79/79 MP: 5/7
  3379 | D:6      | Found an iron altar of Okawaru.
  3401 | D:6      | Reached skill level 6 in Dodging
  3573 | D:6      | Reached skill level 1 in Staves
  4150 | D:7      | Reached skill level 5 in Fighting
  4150 | D:7      | Reached skill level 1 in Stealth
  4230 | D:7      | Reached skill level 7 in Dodging
  4357 | D:7      | Gained mutation: You are dopey. (Int -2) [mutagenic meat]
  4358 | D:7      | Gained mutation: Your spells are a little easier to cast, but a little less powerful. [mutagenic meat]
  4359 | D:7      | Gained mutation: You are clumsy. (Dex -2) [mutagenic meat]
  4360 | D:7      | Lost mutation: Your spells are a little easier to cast, but a little less powerful. [mutagenic meat]
  4603 | D:7      | Reached XP level 9. HP: 77/88 MP: 5/8
  4689 | D:7      | Mangled by an orc warrior

Action                   |  1- 3 |  4- 6 |  7- 9 || total
-------------------------+-------+-------+-------++-------
Melee: Unarmed           |    72 |   201 |   131 ||   404
       Quarterstaff      |       |       |   193 ||   193
Invok: Berserk           |       |       |     7 ||     7
       Trog's Hand       |       |       |     4 ||     4
       Brothers in Arms  |       |       |     1 ||     1
Evoke: Wand              |       |     1 |       ||     1
  Use: Scroll            |     3 |     7 |     2 ||    12
       Potion            |     3 |     3 |    10 ||    16
  Eat: Chunk             |     3 |    13 |    22 ||    38
       Fruit             |       |     1 |     2 ||     3
       Royal jelly       |       |     1 |       ||     1
       Bread ration      |       |     1 |     2 ||     3
